 Dungeon Crawl Stone Soup version 0.30.0-29-ga12c61a403 (webtiles) character file.

Game seed: 6095904045375427774

443 croobank the Firebug (level 7, -4/50 HPs)
             Began as a Gnoll Fire Elementalist on June 5, 2023.
             Was a Follower of Qazlal.
             Slain by Pikel
             ... wielding a +0 whip of freezing
              (6 damage)
             ... on level 3 of the Dungeon.
             The game lasted 00:13:16 (3586 turns).

croobank the Firebug (Gnoll Fire Elementalist)      Turns: 3586, Time: 00:13:16

Health: -4/50      AC:  0    Str:  8    XL:     7   Next: 2%
Magic:  7/15       EV: 13    Int: 19    God:    Qazlal [*.....]
Gold:   71         SH:  2    Dex: 12    Spells: 8/17 levels left

rFire   + . .        k - +8 rapier of the Inferno {heavy, *Corrode rN++ Will+++ Int+3}
rCold   x . .        (no shield)
rNeg    + + +        v - +0 leather armour
rPois   .            g - +0 helmet
rElec   .            (no cloak)
rCorr   .            (no gloves)
SInv    .            (no boots)
Will    +++..        (no amulet)
Stlth   ++           c - ring of fire
HPRegen 0.28/turn    r - ring of positive energy
MPRegen 0.14/turn

%: corrode self (3%)
@: corroded
A: fangs 1, strong nose, distributed training
a: Renounce Religion


You were on level 3 of the Dungeon.
You worshipped Qazlal.
Qazlal was aware of your devotion.
You visited 1 branch of the dungeon, and saw 4 of its levels.

You collected 206 gold pieces.
You spent 135 gold pieces at shops.

Inventory:

Hand Weapons
 a - a +0 dagger of venom
 b - a +0 sling
 k - the +8 rapier of the Inferno (weapon) {heavy, *Corrode rN++ Will+++ Int+3}
   (You took it off an orc on level 3 of the Dungeon)

   Int:       It affects your intelligence (+3).
   rN:        It greatly protects you from negative energy.
   *Corrode:  It may corrode you when you take damage.
   Will:      It greatly increases your willpower.
 l - a +0 hand axe
Missiles
 d - 11 poisoned darts
Armour
 g - a +0 helmet (worn)
 o - a +0 robe
 s - a +0 ring mail
 v - a +0 leather armour (worn)
Jewellery
 c - a ring of fire (left hand)
 q - a ring of protection from fire
 r - a ring of positive energy (right hand)
Wands
 u - a wand of mindburst (23)
Scrolls
 e - a scroll of amnesia
 h - 4 scrolls of identify
 n - 2 scrolls of poison
 w - a scroll of fog
 y - 2 scrolls of enchant armour
Potions
 f - a potion of flight
 i - a potion of resistance
 j - a potion of cancellation
 m - a potion of brilliance
 p - a potion of magic
 x - a potion of curing


   Skills:
 + Level 2.3 Fighting
 + Level 2.3 Short Blades
 + Level 2.3 Long Blades
 + Level 2.3 Axes
 + Level 2.3 Maces & Flails
 + Level 2.3 Polearms
 + Level 2.3 Staves
 + Level 2.3 Ranged Weapons
 + Level 2.3 Throwing
 + Level 2.3 Armour
 + Level 5.1 Dodging
 + Level 4.8 Stealth
 + Level 2.3 Shields
 + Level 2.3 Unarmed Combat
 + Level 5.5 Spellcasting
 + Level 2.8 Conjurations
 + Level 1.8 Hexes
 + Level 1.8 Summonings
 + Level 1.8 Necromancy
 + Level 1.8 Translocations
 + Level 1.8 Transmutations
 + Level 5.8 Fire Magic
 + Level 1.8 Ice Magic
 + Level 1.8 Air Magic
 + Level 1.8 Earth Magic
 + Level 1.8 Poison Magic
 + Level 2.5 Invocations
 + Level 2.3 Evocations


You had 8 spell levels left.
You knew the following spells:

 Your Spells              Type           Power      Damage    Failure   Level
a - Foxfire               Conj/Fire      100%       2x1d9     2%          1
b - Scorch                Fire           80%        2d8       2%          2
c - Poisonous Vapours     Pois/Air       24%        N/A       12%         2
d - Flame Wave            Conj/Fire      32%        2d9       28%         4

Your spell library contained the following spells:

 Spells                   Type           Power      Damage    Failure   Level
 Inner Flame              Hex/Fire       29%        N/A       11%         3
 Volatile Blastmotes      Fire/Tloc      58%        2d14      11%         3
 Mephitic Cloud           Conj/Pois/Air  13%        N/A       21%         3
 Fireball                 Conj/Fire      16%        3d8       61%         5
 Iskenderun's Battlesphe  Conj           16%        2d7       80%         5
 Freezing Cloud           Conj/Ice/Air   6%         6-21      88%         5
 Conjure Ball Lightning   Conj/Air       7%         3x3d6     100%        6
 Orb of Destruction       Conj           8%         9d6       100%        7


Dungeon Overview and Level Annotations

Branches:
Dungeon (4/15)
 Temple: D:4-7

Altars:
Qazlal

Shops:
D:2 *

Annotations:
D:3 Pikel


Innate Abilities, Weirdness & Mutations

You have very sharp teeth.
Your uncanny sense of smell can sniff out nearby items.
Your experience applies equally to all skills.


Message History

Level annotation: Pikel The iguana bites you but does no damage.
Pikel barely misses you.
There is a stone staircase leading up here.
Pikel hits you with a +0 whip of freezing.
Pikel freezes you. The iguana bites you!
You climb upwards.
There is a stone staircase leading down, spattered with blood here.
Casting: Scorch (safe; 2% risk of failure)
Confirm with . or Enter, or press ? or * to list all spells.
Casting: Flame Wave (quite dangerous; 28% risk of failure)
Press: ? - help, Dir - look around, f - activate You feel a surge of power!
A wave of flame ripples out!
The flame wave engulfs the iguana!
The iguana is severely wounded.
The flame wave engulfs Pikel!
Pikel is lightly wounded. (Press . to intensify the flame waves.)
The iguana barely misses you.
Pikel hits you with a +0 whip of freezing!
Pikel freezes you.
A wave of flame ripples out!
The flame wave engulfs the iguana!
You kill the iguana!
Qazlal accepts your kill.
The flame wave engulfs Pikel!
Pikel is moderately wounded.
Pikel hits you with a +0 whip of freezing!
* * * LOW HITPOINT WARNING * * *
Your corrosive artefact corrodes you!
Pikel freezes you.
* * * LOW HITPOINT WARNING * * *
You have reached level 7!
Casting: Flame Wave (quite dangerous; 28% risk of failure)
Confirm with . or Enter, or press ? or * to list all spells.
You feel a surge of power!
Flames lash Pikel.
Pikel is severely wounded.
Pikel's fire resistance burns away.
Pikel hits you with a +0 whip of freezing!
* * * LOW HITPOINT WARNING * * *
Pikel freezes you.
You die...

#.######.........)..# #..#
....>.....########.#####..#
#.######..# #.#......# ..#
#..# #.#.###.## ### ####..#
#.#.# #.# ##.##..# #.#.#
#.# ####.#.#..########.#.#
#.#
.................K.#.###.#
####.#.#.#######@........#
##.##.# #####.##### ####.#
#.# #.######## #.#
#........####.#
########......# ########


You could see Pikel (combustible).

Vanquished Creatures
  Pargi (D:3)
  A centaur (D:4)
  4 lemures (D:3)
  A hound (D:3)
  An orc priest (D:3)
  Ijyb (D:3)
  An iguana (D:3)
  An orc wizard (D:3)
  6 adders
  An ufetubus (D:4)
  A worm (D:3)
  3 orcs (D:3)
  7 ball pythons
  9 bats
  2 endoplasms
  3 giant cockroaches
  8 goblins
  7 hobgoblins
  6 jackals (D:2)
  2 quokkas
  3 kobolds
  2 rats
71 creatures vanquished.

Vanquished Creatures (others)
  103 foxfires
103 creatures vanquished.

Grand Total: 174 creatures vanquished

Notes
Turn   | Place    | Note
-------+----------+-------------------------------------------
     0 | D:1      | croobank the Gnoll Fire Elementalist began the quest for
                  | the Orb.
     0 | D:1      | Reached XP level 1. HP: 13/13 MP: 6/6
   298 | D:1      | Reached XP level 2. HP: 19/19 MP: 4/7
   591 | D:1      | Learned a level 2 spell: Scorch
   966 | D:2      | Reached skill level 5 in Spellcasting
   966 | D:2      | Reached XP level 3. HP: 25/25 MP: 3/9
  1046 | D:2      | Reached skill level 1 in Invocations
  1298 | D:2      | Found Jekefeod's Assorted Antiques.
  1305 | D:2      | Bought 3 scrolls labelled OWNINL HAMY for 81 gold pieces
  1305 | D:2      | Bought a scroll labelled OWNINL HAMY for 27 gold pieces
  1305 | D:2      | Bought a scroll labelled OWNINL HAMY for 27 gold pieces
  1458 | D:2      | Reached skill level 1 in Fighting
  1458 | D:2      | Reached skill level 1 in Short Blades
  1458 | D:2      | Reached skill level 1 in Long Blades
  1458 | D:2      | Reached skill level 1 in Axes
  1458 | D:2      | Reached skill level 1 in Maces & Flails
  1458 | D:2      | Reached skill level 1 in Polearms
  1458 | D:2      | Reached skill level 1 in Staves
  1458 | D:2      | Reached skill level 1 in Ranged Weapons
  1458 | D:2      | Reached skill level 1 in Throwing
  1458 | D:2      | Reached skill level 1 in Armour
  1458 | D:2      | Reached skill level 1 in Shields
  1458 | D:2      | Reached skill level 1 in Unarmed Combat
  1458 | D:2      | Reached skill level 1 in Evocations
  1513 | D:2      | Found a faded altar of an unknown god.
  1540 | D:2      | Prayed at the altar of an unknown god.
  1540 | D:2      | Became a worshipper of Qazlal Stormbringer
  1540 | D:2      | Reached * piety under Qazlal
  1627 | D:2      | Reached XP level 4. HP: 32/32 MP: 7/11
  1839 | D:3      | Reached skill level 1 in Hexes
  1839 | D:3      | Reached skill level 1 in Summonings
  1839 | D:3      | Reached skill level 1 in Necromancy
  1839 | D:3      | Reached skill level 1 in Translocations
  1839 | D:3      | Reached skill level 1 in Transmutations
  1839 | D:3      | Reached skill level 1 in Ice Magic
  1839 | D:3      | Reached skill level 1 in Air Magic
  1839 | D:3      | Reached skill level 1 in Earth Magic
  1839 | D:3      | Reached skill level 1 in Poison Magic
  1863 | D:3      | Reached XP level 5. HP: 37/37 MP: 5/12
  1936 | D:3      | Noticed Ijyb
  1941 | D:3      | Killed Ijyb
  1980 | D:3      | Learned a level 2 spell: Poisonous Vapours
  2619 | D:3      | Identified the +8 rapier of the Inferno {heavy, *Corrode
                  | rN++ Will+++ Int+3}
  2622 | D:3      | Noticed Pargi
  2668 | D:3      | Killed Pargi
  2669 | D:3      | Reached skill level 5 in Dodging
  2669 | D:3      | Reached XP level 6. HP: 25/44 MP: 3/14
  3125 | D:4      | Noticed Pikel
  3484 | D:3      | Learned a level 4 spell: Flame Wave
  3586 | D:3      | Reached XP level 7. HP: 10/50 MP: 9/15
  3586 | D:3      | HP: 2/50 [Pikel/+0 whip of freezing (8)]
  3586 | D:3      | Slain by Pikel

Illustrated notes

Levels and vault maps discovered:
D:1:      minmay_arrival_semitransparent, layout_loops_ring
D:2:      layout_basic, serial_shops, nicolae_diamond_shop,
          shapermc_ecumenical_altar_ellora
D:3:      layout_loops_ring, minivault_11, uniq_pargi, uniq_ijyb
D:4:      layout_basic, serial_bayou_crossing, uniq_pikel

Skill      XL: |  1  2  3  4  5 |
---------------+----------------+-----
Conjurations   | 2 |  2.8
Spellcasting   | 5 |  5.5
Invocations    | 1 2 |  2.5
Fighting       | 1 2 |  2.3
Short Blades   | 1 2 |  2.3
Long Blades    | 1 2 |  2.3
Axes           | 1 2 |  2.3
Maces & Flails | 1 2 |  2.3
Polearms       | 1 2 |  2.3
Staves         | 1 2 |  2.3
Ranged Weapons | 1 2 |  2.3
Throwing       | 1 2 |  2.3
Armour         | 1 2 |  2.3
Shields        | 1 2 |  2.3
Unarmed Combat | 1 2 |  2.3
Evocations     | 1 2 |  2.3
Hexes          | 1 |  1.8
Summonings     | 1 |  1.8
Necromancy     | 1 |  1.8
Translocations | 1 |  1.8
Transmutations | 1 |  1.8
Ice Magic      | 1 |  1.8
Air Magic      | 1 |  1.8
Earth Magic    | 1 |  1.8
Poison Magic   | 1 |  1.8
Dodging        | 5 |  5.1
Stealth        | |  4.8
Fire Magic     | |  5.8

Action                     |  1- 3 |  4- 6 |  7- 9 || total
---------------------------+-------+-------+-------++-------
  Melee: Unarmed           |     9 |       |       ||     9
         Bite              |     2 |    11 |       ||    13
         Hand axe          |     2 |       |       ||     2
         Dagger            |     7 |    53 |       ||    60
         Punch             |       |     1 |       ||     1
         Rapier            |       |    17 |       ||    17
   Cast: Foxfire           |    47 |    22 |       ||    69
         Scorch            |     6 |    29 |     1 ||    36
         Poisonous Vapours |       |     7 |       ||     7
         Flame Wave        |       |     2 |       ||     2
    Use: Scroll            |     7 |     6 |       ||    13
         Potion            |       |     2 |       ||     2
   Stab: Sleeping          |     3 |       |       ||     3
 Armour: Robe              |    12 |    41 |       ||    53
         Leather armour    |       |     3 |       ||     3
  Dodge: Dodged            |    17 |    89 |       ||   106
  Block: Other             |       |     7 |       ||     7
